 Dungeon Crawl Stone Soup version 0.28.0 (webtiles) character file.

Game seed: 13863515607341454418

2910 mkm the Geomancer (level 9, -4/46 HPs)
             Began as a Gargoyle Earth Elementalist on Feb 10, 2022.
             Was a Follower of Vehumet.
             Slain by a wyvern (9 damage)
             ... on level 8 of the Dungeon.
             The game lasted 00:43:10 (9198 turns).

mkm the Geomancer (Gargoyle Earth Elementalist)     Turns: 9198, Time: 00:43:11

Health: -4/46      AC: 15    Str: 13    XL:     9   Next: 78%
Magic:  0/19       EV: 12    Int: 21    God:    Vehumet [*.....]
Gold:   219        SH:  0    Dex: 12    Spells: 18/22 levels left

rFire   . . .      SeeInvis +   r - +1 flail (protect)
rCold   . . .      Faith    .   (no shield)
rNeg    + . .      Spirit   .   x - +0 leather armour "Qicuiwemo" {rPois Slay+3}
rPois   ∞          Reflect  .   p - +0 helmet {SInv}
rElec   +          Harm     .   w - +0 cloak
rCorr   .          Rampage  .   g - +2 pair of gloves
Will    .....                   (no boots)
Stlth   ++........              (no amulet)
HPRegen 0.15/turn               (no ring)
MPRegen 0.16/turn               (no ring)

@: marked
A: sickness immunity, AC +6, negative energy resistance 1, electricity
resistance, torment resistance 1, petrification resistance, talons 1, agile 1,
frail 1, strong 1
a: Renounce Religion


You were on level 8 of the Dungeon.
You worshipped Vehumet.
Vehumet was aware of your devotion.
You visited 2 branches of the dungeon, and saw 9 of its levels.

You collected 339 gold pieces.
You spent 120 gold pieces at shops.

Inventory:

Hand Weapons
 h - a +3 dagger of venom
 r - a +1 flail of protection (weapon)
 y - a +0 dire flail
Missiles
 c - 174 stones
Armour
 g - a +2 pair of gloves (worn)
 p - a +0 helmet of see invisible (worn)
 w - a +0 cloak (worn)
 x - the +0 leather armour "Qicuiwemo" (worn) {rPois Slay+3}
   (You found it on level 7 of the Dungeon)

   Slay:      It affects your accuracy & damage with ranged weapons and melee
   (+3).
   rPois:     It protects you from poison.
Jewellery
 t - a +4 ring of protection
Wands
 e - a wand of iceblast (12)
 j - a wand of charming (2)
Scrolls
 d - 2 scrolls of fog {unknown}
 n - a scroll of amnesia
 o - 2 scrolls of blinking {unknown}
Potions
 a - a potion of magic
 i - 5 potions of curing
 k - 2 potions of brilliance
 l - 3 potions of lignification
 m - a potion of flight
 q - a potion of haste
 s - 3 potions of berserk rage
 u - a potion of might
 v - a potion of ambrosia
 z - a potion of resistance {unknown}


   Skills:
 + Level 3.6 Fighting
 + Level 3.2 Maces & Flails
 + Level 3.7 Armour
 + Level 2.8 Dodging
 - Level 2.1 Stealth
 + Level 7.3 Spellcasting
 - Level 0.7 Transmutations
 + Level 9.9 Earth Magic
 + Level 2.2 Evocations


You had 18 spell levels left.
You knew the following spells:

 Your Spells              Type           Power      Damage    Failure   Level
a - Sandblast             Erth           98%        2d20      1%          1
b - Stone Arrow           Conj/Erth      56%        3d10      4%          3

Your spell library contained the following spells:

 Spells                   Type           Power      Damage    Failure   Level
 Foxfire                  Conj/Fire      28%        2x1d5     11%         1
 Passwall                 Tmut/Erth      25%        N/A       1%          2
 Petrify                  Tmut/Erth      30%        N/A       12%         4
 Blink                    Tloc           14%        N/A       16%         2
 Borgnjor's Vile Clutch   Necr/Erth      14%        N/A       36%         5
 Animate Dead             Necr           3%         N/A       71%         4
 Manifold Assault         Tloc           7%         N/A       96%         5
 Death Channel            Necr           3%         N/A       100%        6
 Storm Form               Tmut/Air       4%         N/A       100%        7


Dungeon Overview and Level Annotations

Branches:
Dungeon (8/15)             Temple (1/1) D:5
   Lair: D:8-11

Altars:
Ashenzari
Cheibriados
Dithmenos
Elyvilon
Hepliaklqana
Kikubaaqudgha
Makhleb
Nemelex Xobeh
Qazlal
Ru
Sif Muna
Trog
Uskayaw
Vehumet
Wu Jian
Xom
Yredelemnul
Zin
The Shining One

Shops:
D:3 :   D:6 *   D:7 [![?   D:8 [

Annotations:
D:6 2 transporters, diceflayer's ghost, novice MiFi


Innate Abilities, Weirdness & Mutations

You are immune to sickness and miasma.
Your stone body is resilient. (AC +6)
You are immune to poison.
You resist negative energy. (rN+)
You are resistant to electric shocks. (rElec)
You are resistant to unholy torment.
You are immune to petrification.
You have sharp toenails.
You are agile. (Dex +2)
You are frail. (-10% HP)
Your muscles are strong. (Str +2)


Message History

Casting: Sandblast (safe; 1% risk of failure)
Confirm with . or Enter, or press ? or * to list all spells.
Aiming: Sandblast (safe; 1% risk of failure)
Press: ? - help, Shift-Dir - straight line, f/p - killer bee
Aim: a killer bee (heavily wounded, 65% to hit)
The blast of sand hits the killer bee!!
You kill the killer bee!
Vehumet accepts your kill.
The killer bee stings you but does no damage. x2
An orc comes into view. It is wielding a +0 flail.
The killer bee closely misses you. The killer bee completely misses you.
The killer bee misses you. The killer bee closely misses you.
The killer bee stings you.
Casting: Sandblast (safe; 1% risk of failure)
Confirm with . or Enter, or press ? or * to list all spells.
Aiming: Sandblast (safe; 1% risk of failure)
Press: ? - help, Shift-Dir - straight line, f - killer bee
Aim: a killer bee (65% to hit)
The blast of sand hits the killer bee!!
You kill the killer bee!
Vehumet accepts your kill.
The wyvern bites you but does no damage.
An ice beast comes into view.
The wyvern bites you!
* * * LOW HITPOINT WARNING * * *
Casting: Sandblast (safe; 1% risk of failure)
Confirm with . or Enter, or press ? or * to list all spells.
Aiming: Sandblast (safe; 1% risk of failure)
Press: ? - help, Shift-Dir - straight line
Okay, then.
Casting: Sandblast (safe; 1% risk of failure)
Confirm with . or Enter, or press ? or * to list all spells.
Aiming: Stone Arrow (dangerous; 4% risk of failure)
Press: ? - help, Shift-Dir - straight line, f - wyvern
Aim: a wyvern (71% to hit)
The stone arrow hits the wyvern!
The wyvern is moderately wounded.
The wyvern bites you!
You die...

....# ....# .........#
....# .........# ....#
.........#..............
+##.#
.........#..............
.#
#.......#.............. .
#.......#..............
#.......#..............
#.....@.#..............
#....l..#...Y.##.......
#.......#...YY##.......
#...†...#...5Yy........
#.......#...Yy#y.......
...o†######.....#........
..... #.....#........ .
...Y #.....##yy..... .
... #....y##y......


You could see a wyvern, an ice beast and an orc.

Vanquished Creatures
  A vampire (D:7)
  A yak (D:8)
  Menkaure (D:7)
  A water moccasin (D:6)
  An orc warrior (D:7)
  An ice beast (D:5)
  3 sky beasts
  2 necrophages
  A centaur (D:5)
  A kobold brigand (D:7)
  A bullfrog (D:7)
  A water moccasin zombie (D:4)
  A wyvern zombie (D:6)
  5 killer bees (D:8)
  5 wights (D:6)
  2 howler monkeys (D:7)
  A bullfrog zombie (D:5)
  2 jellies
  3 hounds
  2 orc priests (D:8)
  A gnoll shaman (D:7)
  Jessica (D:2)
  A bullfrog skeleton (D:6)
  4 iguanas
  Natasha (thrice) (D:2)
  2 orc wizards
  A killer bee zombie (D:7)
  Robin (D:2)
  17 gnolls
  4 adders
  A howler monkey skeleton (D:7)
  3 shadow imps (D:7)
  A white imp (D:6)
  An ufetubus (D:7)
  4 worms
  6 dart slugs
  10 orcs
  6 ball pythons
  6 bats
  2 endoplasms (D:2)
  2 giant cockroaches
  10 goblins
  6 hobgoblins
  2 jackals (D:1)
  10 kobolds
  3 quokkas
  2 frilled lizards
  4 rats
150 creatures vanquished.

Notes
Turn   | Place    | Note
-------+----------+-------------------------------------------
     0 | D:1      | mkm the Gargoyle Earth Elementalist began the quest for the
                  | Orb.
     0 | D:1      | Reached XP level 1. HP: 10/10 MP: 3/3
   184 | D:1      | Reached skill level 4 in Earth Magic
   184 | D:1      | Reached XP level 2. HP: 15/15 MP: 3/5
   737 | D:1      | Reached XP level 3. HP: 19/19 MP: 6/6
   741 | D:1      | Learned a level 3 spell: Stone Arrow
  1521 | D:2      | Noticed Robin
  2019 | D:2      | Reached XP level 4. HP: 12/24 MP: 3/8
  2021 | D:2      | Reached skill level 5 in Earth Magic
  2189 | D:2      | You fall into a shaft and drop 2 floors!
  2449 | D:4      | Reached XP level 5. HP: 28/28 MP: 8/10
  2687 | D:2      | Noticed Jessica
  2695 | D:2      | Killed Jessica
  3092 | D:2      | Noticed Natasha
  3099 | D:2      | Killed Natasha
  3100 | D:2      | Reached skill level 6 in Earth Magic
  3216 | D:2      | Noticed Natasha
  3220 | D:2      | Killed Natasha
  3221 | D:2      | Reached XP level 6. HP: 32/32 MP: 9/12
  3248 | D:2      | Noticed Natasha
  3252 | D:2      | Killed Natasha
  3331 | D:2      | Killed Robin
  4077 | D:3      | Found Qeant's Book Emporium.
  4360 | D:3      | Gained mutation: Your spells are a little easier to cast,
                  | but a little less powerful. [potion of mutation]
  4360 | D:3      | Gained mutation: Your muscles are strong. (Str +2) [potion
                  | of mutation]
  4360 | D:3      | Gained mutation: You have a pair of small antennae on your
                  | head. [potion of mutation]
  4361 | D:3      | Lost mutation: Your spells are a little easier to cast, but
                  | a little less powerful. [potion of mutation]
  4361 | D:3      | Lost mutation: You have a pair of small antennae on your
                  | head. [potion of mutation]
  4361 | D:3      | Gained mutation: You have sharp toenails. [potion of
                  | mutation]
  4361 | D:3      | Gained mutation: You are frail. (-10% HP) [potion of
                  | mutation]
  4361 | D:3      | Gained mutation: You are agile. (Dex +2) [potion of
                  | mutation]
  5099 | D:4      | Reached skill level 5 in Spellcasting
  5099 | D:4      | Reached skill level 7 in Earth Magic
  5099 | D:4      | Reached XP level 7. HP: 32/32 MP: 11/14
  5166 | D:5      | Entered Level 5 of the Dungeon
  5362 | D:5      | Found an ornate altar of the Wu Jian Council.
  5588 | D:5      | Reached skill level 8 in Earth Magic
  5841 | D:5      | Reached XP level 8. HP: 36/36 MP: 7/17
  6058 | D:5      | Found a white marble altar of Elyvilon.
  6162 | D:5      | Found a staircase to the Ecumenical Temple.
  6175 | Temple   | Entered the Ecumenical Temple
  6766 | D:6      | Reached skill level 9 in Earth Magic
  6819 | D:6      | Reached skill level 1 in Fighting
  6819 | D:6      | Reached skill level 1 in Maces & Flails
  6819 | D:6      | Reached skill level 1 in Armour
  6979 | D:6      | Noticed diceflayer's ghost (novice MiFi)
  6980 | D:6      | Found a transporter.
  6982 | D:6      | Identified the +9 great mace "Qejiyrot" {venom, rF- Will++}
  6991 | D:6      | Found a transporter.
  7090 | D:6      | Found Cicyiz's General Store.
  7246 | D:6      | Found a radiant altar of Vehumet.
  7266 | D:6      | Became a worshipper of Vehumet
  7468 | D:7      | Found Waffueq's Distillery.
  7469 | D:7      | Found Fops's Magic Scroll Shoppe.
  7475 | D:7      | Found Yllielown's Armour Emporium.
  7521 | D:7      | Found Iniyshri's Antique Armour Shoppe.
  7596 | D:7      | Bought a scroll of identify for 24 gold pieces
  7596 | D:7      | Bought a scroll of identify for 24 gold pieces
  7596 | D:7      | Bought a scroll of identify for 24 gold pieces
  7596 | D:7      | Bought a scroll of identify for 24 gold pieces
  7596 | D:7      | Bought a scroll of identify for 24 gold pieces
  7736 | D:7      | Found a stormy altar of Qazlal.
  7770 | D:7      | Reached XP level 9. HP: 42/43 MP: 6/19
  8205 | D:7      | Noticed Menkaure
  8211 | D:7      | Killed Menkaure
  8212 | D:7      | Reached skill level 1 in Evocations
  8472 | D:7      | Identified the +0 leather armour "Qicuiwemo" {rPois Slay+3}
  9071 | D:8      | Found a snail-covered altar of Cheibriados.
  9071 | D:8      | Found Cheibriados's Comfort Zone.
  9094 | D:8      | Reached * piety under Vehumet
  9094 | D:8      | Offered knowledge of Foxfire by Vehumet.
  9198 | D:8      | Slain by a wyvern

Illustrated notes

Levels and vault maps discovered:
D:1:      co_arrival_square_in_a_square_in_a_square, layout_loops_ring
D:2:      layout_loops_ring, minmay_close_crescents, uniq_natasha, uniq_robin,
          uniq_jessica
D:3:      layout_loops_corners, serial_shops, nicolae_shop_stone
D:4:      layout_rooms, fountainhead, roderic_cross_of_infinity,
          minmay_liquid_box, chequers_serial_rivers_micro_c
D:5:      layout_basic, general_overflow_altar, elyvilon_altar_3,
          minmay_temple_entry_nine_rooms
D:6:      layout_rooms, nicolae_vehumet_radiance, serial_shops, shop_statue,
          gammafunk_ghost_smash, serial_bayou_pond_c, minmay_misc_feat_room,
          grunt_ministairs_2
D:7:      layout_cave_pools, mainiacjoe_overflow_paths, serial_shops, shop,
          nicolae_shop_statue_plus, shop, shop, minmay_fractal_squares_5,
          uniq_menkaure
D:8:      layout_gridville, grunt_gozag_statues, minivault_11, minmay_shop_chei,
          serial_bayou_pond_d, grunt_ministairs_2
Temple:   eino_wide_crystal_templ

Skill      XL: |  1  2  3  4  5  6  7  8  9 |
---------------+----------------------------+-----
Earth Magic    | 4 5 6 7 8 9 |  9.9
Spellcasting   | 3 4 5 6 7 |  7.3
Fighting       | 2 3 |  3.6
Maces & Flails | 2 3 |  3.2
Armour         | 2 3 |  3.7
Dodging        | 2 |  2.8
Evocations     | 2 |  2.2
Stealth        | |  2.1
Transmutations | |  0.7

Action                   |  1- 3 |  4- 6 |  7- 9 || total
-------------------------+-------+-------+-------++-------
Melee: Rapier            |    12 |       |       ||    12
       Whip              |    39 |       |       ||    39
       Dagger            |    13 |    17 |     2 ||    32
       Punch             |       |     1 |       ||     1
       Flail             |       |       |     1 ||     1
       Kick              |       |       |     1 ||     1
 Cast: Sandblast         |    40 |    60 |    90 ||   190
       Stone Arrow       |       |    12 |    51 ||    63
  Use: Scroll            |     2 |     3 |    13 ||    18
       Potion            |       |     2 |       ||     2
 Stab: Sleeping          |     1 |     1 |       ||     2
Armor: Robe              |    42 |    10 |     8 ||    60
       Leather armour    |       |       |    11 ||    11
Dodge: Dodged            |    53 |    11 |    31 ||    95
